 Dungeon Crawl Stone Soup version 0.25-a0-356-g7c9d860b3b (webtiles) character file.

Game seed: 15246712156174385212, levelgen mode: deterministic

49 night the Bolt Thrower (level 4, 0/28 HPs)
             Began as a Kobold Hunter on Jan 3, 2020.
             Slain by Robin
             ... wielding a +5 spear of freezing
              (1 damage)
             ... on level 2 of the Dungeon.
             The game lasted 00:02:41 (1194 turns).

night the Bolt Thrower (Kobold Hunter)              Turns: 1194, Time: 00:02:41

Health: 0/28       AC:  3    Str: 10    XL:     4   Next: 1%
Magic:  4/4        EV: 14    Int: 12    God:
Gold:   26         SH:  0    Dex: 15    Spells: 3/3 levels left

rFire    . . .     SeeInvis .   b - +0 short sword
rCold    . . .     Gourm    .   (shield restricted)
rNeg     . . .     Faith    .   c - +0 leather armour
rPois    .         Spirit   .   (no helmet)
rElec    .         Reflect  .   (no cloak)
rCorr    .         Harm     .   (no gloves)
MR       .....                  (no boots)
Stlth    ++........             (no amulet)
HPRegen  0.09/turn              (no ring)
MPRegen  0.09/turn              (no ring)

@: no status effects
A: small, carnivore
a: no special abilities


You were on level 2 of the Dungeon.
You were completely stuffed.

You visited 1 branch of the dungeon, and saw 2 of its levels.

You collected 26 gold pieces.

Inventory:

Hand Weapons
 a - a +1 hand crossbow
 b - a +0 short sword (weapon)
Missiles
 d - 7 bolts
Armour
 c - a +0 leather armour (worn)
Scrolls
 g - a scroll of identify {unknown}
 h - a scroll of magic mapping {unknown}
 i - 3 scrolls of enchant armour {unknown}
Potions
 e - a potion of flight {unknown}
 k - a potion of might {unknown}
Comestibles
 f - 2 rations
 l - 3 chunks of flesh


   Skills:
 + Level 3.1 Fighting
 + Level 2.2 Short Blades
 + Level 5.4 Crossbows
 - Level 2.4 Dodging
 - Level 1.3 Stealth


You had 3 spell levels left.
You didn't know any spells.
Your spell library was empty.

Dungeon Overview and Level Annotations

Branches:
Dungeon (2/15)

Altars:
Wu Jian

Annotations:
D:2 Robin


Innate Abilities, Weirdness & Mutations

You are small and have problems with some larger weapons.
You are carnivorous and can eat meat at any time.


Message History

You hit the goblin.
You kill the goblin!
Robin throws the goblin at you! The goblin closely misses you.
The goblin misses you.
You hit the goblin but do no damage. The goblin closely misses you.
You hit the goblin.
You kill the goblin!
The goblin hits you but does no damage.
You hit the goblin.
The goblin is severely wounded.
Robin hits you from afar with a +5 spear of freezing.
Robin freezes you. The goblin hits you with a +0 dagger.
* * * LOW HITPOINT WARNING * * *
You hit the goblin.
You kill the goblin!
You have reached level 4!
Robin hits you from afar with a +5 spear of freezing!
* * * LOW HITPOINT WARNING * * *
Robin freezes you.
You die...

######## #......# #.####.#
######### #.# #(###.......#
#.# #....(....... ..######.#
#####.#####.## .........#
##.## ..##.
..######.#######...###....g.
#..)@)gg(.....†...(g.
####..######...#g.#####.
#.....# ##.##..# ####.######
#.##..# ###.......# #.##...
#.........# #.....##
###.......#####...#
#............. .(..
###.......####


You could see Robin and a goblin.

Vanquished Creatures
  A dart slug (D:1)
  A leopard gecko (D:1)
  7 bats (D:1)
  A giant cockroach (D:1)
  15 goblins
  4 hobgoblins
  2 ball pythons (D:1)
  3 frilled lizards
  A kobold (D:1)
  5 rats
40 creatures vanquished.

Notes
Turn   | Place    | Note
-------+----------+-------------------------------------------
     0 | D:1      | night the Kobold Hunter began the quest for the Orb.
     0 | D:1      | Reached XP level 1. HP: 12/12 MP: 1/1
   126 | D:1      | Reached skill level 5 in Crossbows
   126 | D:1      | Reached XP level 2. HP: 13/18 MP: 2/2
   129 | D:1      | Reached skill level 1 in Short Blades
   318 | D:1      | Reached XP level 3. HP: 7/22 MP: 3/3
  1032 | D:2      | Found an ornate altar of the Wu Jian Council.
  1163 | D:2      | Noticed Robin
  1186 | D:2      | HP: 1/23 [goblin[Robin] (6)]
  1194 | D:2      | Reached XP level 4. HP: 8/28 MP: 4/4
  1194 | D:2      | HP: 1/28 [Robin/+5 spear of freezing (7)]
  1194 | D:2      | Slain by Robin

Levels and vault maps discovered:
D:1:      roderic_dead_forest, layout_basic, serial_bayou_ford_a,
          minmay_tetromino_l4
D:2:      layout_loops_ring, lemuel_crystal_altar, marbit_many_paths,
          uniq_robin, uniq_crazy_yiuf_cottage

Skill      XL: |  1  2  3 |
---------------+----------+-----
Crossbows      | 5 |  5.4
Short Blades   | 1 2 |  2.2
Fighting       | 3 |  3.1
Dodging        | |  2.4
Stealth        | |  1.3

Action                   |  1- 3 |  4- 6 || total
-------------------------+-------+-------++-------
Melee: Short sword       |   106 |       ||   106
 Fire: Hand crossbow     |    23 |       ||    23
  Use: Potion            |     1 |       ||     1
 Stab: Sleeping          |     1 |       ||     1
  Eat: Chunk             |     9 |       ||     9
Armor: Leather armour    |    35 |       ||    35
Dodge: Dodged            |    87 |       ||    87

Table legend:
 A = Non-vault XP
 B = Vault XP
 C = Vault XP percentage of total XP
 D = Non-vault monster count
 E = Vault monster count
 F = Vault count percentage of total count
                 A         B        C        D         E       F
            +---------+---------+-------+---------+---------+-------
      Total |      45 |      25 |  35.7 |      27 |      13 |  32.5
            +---------+---------+-------+---------+---------+-------
        D:1 |      39 |       6 |  13.3 |      22 |       3 |  12.0
        D:2 |       6 |      19 |  76.0 |       5 |      10 |  66.7
            +---------+---------+-------+---------+---------+-------
